Map: Tours du crépuscule

Players

zidar - Winner!

  • Race: Zerg Zerg
  • League: Silver
  • Spawn Location: 7:00

FaZ

  • Race: Terran Terran
  • League: Silver
  • Spawn Location: 1:00

VOD

Have the link to the VOD?

Description

Time

  • Played on: Dec. 16, 2015, 1:12 p.m.
  • Length: 13:27
Show
View Real Time Build Order
Export as new Build Order

zidar Zerg - Winner!

Build Orders: Hatch First 

Get SALT Encoding   

  12  0:01  Drone  
  13  0:12  Overlord  
  14  0:21  Drone  
  14  0:30  Drone x2  
  14  0:34  Drone  
  17  0:57  Hatchery  
  16  0:59  Drone  
  17  1:10  Extractor  
  17  1:11  Drone  
  17  1:12  Drone  
  18  1:24  Spawning Pool  
  17  1:26  Drone  
  18  1:33  Drone  
  19  1:46  Drone  
  20  1:51  Overlord  
  20  2:04  Drone  
  21  2:09  Drone  
  21  2:13  Queen  
  24  2:17  Queen  
  24  2:21  Drone  
  27  2:29  Metabolic Boost  
  27  2:37  Zergling x6  
  27  2:41  Zergling x2  
  30  2:52  Roach Warren  
  30  2:54  Zergling x2  
  30  2:55  Zergling x4  
  32  3:22  Drone  
  32  3:23  Drone x3  
  35  3:28  Overlord  
  35  3:29  Overlord  
  35  3:37  Spine Crawler  
  32  3:55  Zergling x14  
  35  4:26  Zergling x2  
  35  4:27  Zergling x8  
  40  4:40  Roach x3  
  40  4:41  Roach x3  
  52  4:53  Lair  
  52  4:59  Overlord x2  
  52  5:01  Overlord  
  51  5:21  Roach x8  
  61  5:24  Queen  
  61  5:28  Ravager  
  70  5:33  Extractor  
  69  6:01  Drone x6  
  50  6:41  Roach  
  50  6:42  Roach x12  
  76  6:51  Extractor  
  75  6:55  Drone  
  76  7:37  Overlord x3  
  76  7:38  Overlord  
  66  8:08  Roach x2  
  66  8:09  Roach x3  
  66  8:10  Roach  
  78  8:33  Ravager x6  
  42  9:09  Zergling x2  
  36  9:10  Zergling x22  
  47  9:39  Roach x2  
  47  9:40  Roach x2  
  47  9:42  Hatchery  
  54  9:54  Drone x8  
  62  10:02  Ravager  
  62  10:03  Ravager  
  62  10:05  Ravager  
  62  10:06  Ravager  
  66  10:10  Roach x2  
  70  10:18  Extractor  
  69  10:26  Roach x4  
  69  10:27  Roach x2  
  57  11:09  Roach x3  
  57  11:10  Roach x3  
  57  11:11  Roach x3  
  75  11:13  Ravager x4  
  75  11:14  Ravager x3  
  82  11:42  Roach x3  
  82  11:43  Roach x3  
  94  11:53  Hatchery  
  93  12:09  Roach x2  
  93  12:10  Roach x3  
  93  12:11  Roach  
  105  12:41  Drone x3  
Show
View Real Time Build Order
Export as new Build Order

FaZ Terran 

Build Orders:  

Get SALT Encoding   

  12  0:03  SCV  
  13  0:15  Supply Depot  
  13  0:18  SCV  
  14  0:30  SCV  
  14  0:32  Refinery  
  15  0:46  SCV  
  15  0:47  Barracks  
  16  0:58  SCV  
  17  1:10  SCV  
  18  1:22  SCV  
  19  1:33  Barracks  
  19  1:34  SCV, Supply Depot  
  19  1:36  Barracks Reactor  
  20  1:45  Barracks  
  20  1:47  SCV  
  21  2:02  SCV  
  21  2:07  Supply Depot  
  22  2:12  Marine x2  
  24  2:22  Barracks Tech Lab  
  24  2:29  Marine  
  24  2:30  Marine  
  24  2:35  Barracks Reactor  
  26  2:42  Marauder  
  28  2:46  Combat Shield  
  28  2:49  Supply Depot  
  28  2:52  Orbital Command  
  28  2:57  Marine x2  
  30  3:10  Marine  
  31  3:14  Marine x2  
  31  3:15  Marine x2  
  35  3:29  Marine  
  35  3:32  Marine x2  
  32  3:59  Marine x4  
  32  4:00  Marine  
  36  4:07  Command Center  
  32  4:22  Marine x2  
  32  4:23  Marine x3  
  35  4:29  Supply Depot  
  35  4:40  Marine x2  
  35  4:41  Marine  
  38  4:46  Marine  
  38  4:52  Marine  
  40  4:58  Marine  
  41  5:01  Supply Depot  
  41  5:08  Marauder  
  41  5:11  Marine x3  
  46  5:19  SCV  
  47  5:28  Marine  
  48  5:29  Marine  
  48  5:31  SCV  
  48  5:34  Marine  
  51  5:37  Marine  
  52  5:44  SCV  
  53  5:56  SCV  
  54  5:58  Marine x4  
  54  5:59  Marine  
  59  6:08  SCV  
  60  6:15  Marine  
  60  6:16  Marine x3  
  55  6:20  SCV  
  37  6:33  Marine x2  
  37  6:34  Marine x3  
  37  6:38  SCV  
  43  6:50  SCV  
  43  6:51  Marine x4  
  43  6:52  Marine  
  49  7:02  SCV  
  50  7:09  Marine x4  
  50  7:10  Marine  
  55  7:21  Command Center  
  54  7:27  Marine x2  
  55  7:31  Marine x3  
  58  7:44  Marine  
  58  7:45  Marine  
  58  7:48  Marine x2  
  58  7:49  Marine  
  60  8:02  Marine  
  60  8:03  Marine  
  57  8:06  Marine x3  
  56  8:20  Marine x2  
  56  8:24  Marine x3  
  61  8:33  SCV  
  62  8:38  Marine x2  
  64  8:42  Marine x3  
  49  8:56  Marine x2  
  49  9:00  Marine x3  
  47  9:03  Engineering Bay  
  45  9:13  Marine  
  45  9:14  Marine  
  47  9:17  Marine  
  47  9:18  Marine x2  
  50  9:24  Concussive Shells  
  50  9:30  Terran Infantry Weapons Level 1  
  50  9:31  Marine  
  50  9:32  Marine  
  50  9:33  Refinery, Command Center  
  50  9:35  Marine x2  
  50  9:36  Factory  
  50  9:37  Refinery, SCV  
  55  9:45  Supply Depot  
  55  9:49  SCV  
  55  9:50  Marine x3  
  59  9:53  Marine x2  
  61  10:01  SCV  
  61  10:02  SCV  
  63  10:08  Marine x3  
  63  10:11  Marine x2  
  63  10:13  SCV  
  69  10:14  SCV  
  70  10:26  Marine x3, SCV  
  74  10:29  Marine x2  
  76  10:38  SCV  
  76  10:40  Orbital Command  
  77  10:44  Marine x2  
  51  11:09  Marine x5  
  52  11:17  Factory Tech Lab  
  52  11:21  Armory  
  52  11:22  SCV  
  52  11:24  Terran Infantry Armor Level 1  
  53  11:27  Marine x5  
  58  11:34  SCV  
  58  11:38  Cyclone  
  62  11:43  SCV  
  62  11:44  Marine x2  
  62  11:45  Marine x3  
  62  11:46  SCV  
  69  11:56  SCV  
  69  11:58  SCV  
  71  12:02  Marine x4  
  71  12:03  Marine  
  71  12:08  SCV  
  77  12:10  Thor, SCV  
  84  12:20  Marine x4  
  84  12:22  SCV  
  89  12:25  SCV  
  89  12:28  Marine  
  91  12:34  Missile Turret, SCV  
  92  12:37  SCV  
  92  12:38  Marine x4  
  97  12:46  Marine, SCV, Supply Depot  
  99  12:56  Marine x4  
  106  13:04  Marine  
Tags
 
Add a new tag
Caveats
  • Supply blocks, unpowered buildings, or Contaminate may cause inaccurate times.
  • Supply counts are checked every 10 seconds.